 Dungeon Crawl Stone Soup version 0.18.1-48-g4cf74bf (webtiles) character file.

90 raph the Firebug (level 4, -2/24 HPs)
             Began as a Deep Elf Fire Elementalist on July 6, 2016.
             Was a Follower of Fedhas.
             Slain by raph's ghost (4 damage)
             ... on level 3 of the Dungeon.
             The game lasted 00:05:30 (2865 turns).

raph the Firebug (Deep Elf Fire Elementalist)       Turns: 2865, Time: 00:05:31

Health: -2/24      AC:  3    Str:  6    XL:     4   Next: 32%
Magic:  1/11       EV: 13    Int: 20    God:    Fedhas [*.....]
Gold:   107        SH:  0    Dex: 15    Spells: 4 memorised, 1 level left

rFire  . . .     SeeInvis .     t - +1 dagger (venom)
rCold  . . .     Gourm    .     a - +0 robe
rNeg   . . .     Faith    .     (no shield)
rPois  .         Spirit   .     (no helmet)
rElec  .         Dismiss  .     (no cloak)
rCorr  .         Reflect  .     n - +0 pair of gloves
SustAt .         Harm     .     (no boots)
MR     .....     Rnd*Tele +     (no amulet)
Stlth  ++........               (no ring)
                                s - ring of teleportation (curse)

@: very slightly contaminated, invisible, not resistant to hostile enchantments,
unstealthy
A: no striking features
a: Evolution, Renounce Religion


You were on level 3 of the Dungeon.
You worshipped Fedhas.
Fedhas was aware of your devotion.
You were not hungry.

You visited 1 branch of the dungeon, and saw 3 of its levels.

You collected 107 gold pieces.

Inventory:

Hand Weapons
 q - a +0 short sword
 t - a +1 dagger of venom (weapon)
Armour
 a - a +0 robe (worn)
 n - a +0 pair of gloves (worn)
Jewellery
 s - a cursed ring of teleportation (left hand)
Scrolls
 e - a scroll of teleportation {unknown}
 g - a scroll of enchant weapon {unknown}
 h - a scroll of identify {unknown}
 l - a scroll of remove curse {unknown}
 m - a scroll of blinking {unknown}
 r - a scroll of recharging {unknown}
Potions
 d - a potion of flight {unknown}
 j - a potion of cure mutation {unknown}
 k - a potion of might {unknown}
 o - a potion of mutation {unknown}
Books
 b - a book of Flames

   Spells                             Type                      Level
   a - Flame Tongue                   Conjuration/Fire             1
   b - Throw Flame                    Conjuration/Fire             2
   c - Conjure Flame                  Conjuration/Fire             3
   d - Inner Flame                    Hexes/Fire                   3
   e - Sticky Flame                   Conjuration/Fire             4
   f - Fireball                       Conjuration/Fire             5
Comestibles
 c - 2 bread rations
 i - 3 meat rations
 p - 2 beef jerkies
 u - a royal jelly


   Skills:
 - Level 2.4 Dodging
 - Level 2.4 Stealth
 + Level 3.8 Spellcasting
 - Level 1.1 Conjurations
 + Level 5.3 Fire Magic


You had one spell level left.
You knew the following spells:

 Your Spells              Type           Power        Failure   Level  Hunger
a - Flame Tongue          Conj/Fire      ###..        3%          1    None
b - Throw Flame           Conj/Fire      ###...       6%          2    ##.....
c - Conjure Flame         Conj/Fire      ###.....     12%         3    ###....
d - Inner Flame           Hex/Fire       ##......     14%         3    ###....


Dungeon Overview and Level Annotations

Branches:
Dungeon (3/15)

Altars:
Fedhas
Nemelex Xobeh
Pakellas
Trog

Annotations:
D:3 Robin; Sigmund; raph's ghost, amateur MfIE


Message History

Raph's ghost wails.
Raph's ghost closely misses you. Something barely misses you.
The kobold throws a stone.
The stone barely misses you.
Raph's ghost gestures at you while chanting.
The puff of frost hits you!
* * * LOW HITPOINT WARNING * * *
You see here a stone.
You bump into the rock wall.
The kobold throws a stone.
The stone misses you.
Drink which item? (? for menu, Esc to quit)
You fade into invisibility!
You feel less confused.
A magic dart appears from out of thin air!
The magic dart hits raph's ghost.
The kobold throws a stone.
Raph's ghost hits you.
* * * LOW HITPOINT WARNING * * *
You are very lightly contaminated with residual magic.
A magic dart appears from out of thin air!
The magic dart hits raph's ghost.
The kobold throws a stone.
Raph's ghost hits you.
You die...
Fedhas appreciates your contribution to the ecosystem.

####+######
#..........
#..........
#.....K....
#(W(.......
#@.........
.................
.................
..........$......
...:.....).......
#####....../.####
#........#
#...(....'


You could see raph's ghost and a kobold.

Vanquished Creatures
  3 worms (D:2)
  A dart slug (D:1)
  3 giant geckos
  5 bats
  3 giant cockroaches (D:2)
  13 hobgoblins
  11 jackals
  A quokka (D:2)
  A giant newt (D:2)
  14 goblins
  5 kobolds
  4 rats
64 creatures vanquished.

Notes
Turn   | Place    | Note
--------------------------------------------------------------
     0 | D:1      | raph the Deep Elf Fire Elementalist began the quest for the Orb.
     0 | D:1      | Reached XP level 1. HP: 10/10 MP: 6/6
   125 | D:1      | Reached XP level 2. HP: 15/15 MP: 6/8
   129 | D:1      | Reached skill level 4 in Fire Magic
   544 | D:1      | Found a sparkling altar of Nemelex Xobeh.
   746 | D:2      | Learned a level 2 spell: Throw Flame
   858 | D:2      | Found a faded altar to an unknown god.
   907 | D:2      | Reached XP level 3. HP: 4/19 MP: 4/9
  1278 | D:2      | Learned a level 3 spell: Conjure Flame
  1473 | D:2      | Found an oddly glowing altar of Pakellas.
  1621 | D:2      | Became a worshipper of Fedhas Madash
  1621 | D:2      | Reached * piety under Fedhas
  1860 | D:2      | Found a bloodstained altar of Trog.
  1898 | D:2      | Reached skill level 5 in Fire Magic
  2332 | D:2      | Reached XP level 4. HP: 22/24 MP: 8/11
  2339 | D:2      | Learned a level 3 spell: Inner Flame
  2783 | D:3      | Noticed Robin
  2854 | D:3      | Noticed Sigmund
  2854 | D:3      | Noticed raph's ghost (amateur MfIE)
  2865 | D:3      | Slain by raph's ghost

Skill      XL: |  1  2  3 |
---------------+----------+-----
Fire Magic     | 4 5 |  5.3
Dodging        | |  2.4
Stealth        | |  2.4
Spellcasting   | |  3.8
Conjurations   | |  1.1

Action                   |  1- 3 |  4- 6 || total
-------------------------+-------+-------++-------
Melee: Unarmed           |     1 |       ||     1
       Short sword       |     5 |       ||     5
       Dagger            |     3 |     8 ||    11
 Cast: Flame Tongue      |   109 |    31 ||   140
       Throw Flame       |     2 |       ||     2
       Conjure Flame     |     1 |     1 ||     2
  Use: Potion            |       |     1 ||     1
  Eat: Chunk             |     4 |     2 ||     6
Armor: Robe              |    13 |     7 ||    20
Dodge: Dodged            |    47 |    35 ||    82
